[Event "UKR-chT 2019"]
[Site "Chornomorsk"]
[Date "2019.05.20"]
[Round "1.2"]
[White "Bondarets, Vadim"]
[Black "Sivuk, Vitaly"]
[Result "1-0"]
[ECO "A80"]
[WhiteElo "2236"]
[BlackElo "2543"]
[Annotator "RC"]
[PlyCount "103"]
[EventDate "2019.05.20"]
[EventCountry "UKR"]
[SourceTitle "playchess.com"]
[Source "ChessBase"]
[SourceQuality "1"]
[TimeControl "40/5400+30:1800+30"]

1. d4 f5 2. Nf3 Nf6 3. g3 g6 4. Bg2 Bg7 5. O-O O-O 6. b3 c6 7. Bb2 d5 8. Nbd2 Nbd7 9. c4 e6 10. Qc2 Ne4 11. e3 g5 12. Rad1 g4 13. Ne1 Qg5 14. Ba3 Rf7 15. Nd3 h5 16. Nf4 Ndf6 17. f3 Nxd2 18. Qxd2 gxf3 19. Bxf3 Bd7 20. Qe2 Bh6 21. Kh1 Kh8 22. Bd6 Kh7 23. Rde1 Ne4 24. Bxe4 dxe4 25. Nxh5 Rg8 26. Rf4 Kg6 27. Rh4 Rh7 28. Bf4 Qe7 29. Bxh6 Rxh6 30. Nf4+ Kh7 31. Rxh6+ Kxh6 32. Qh5+ Kg7 33. g4 Be8 34. Qh3 Rh8 35. Qg2 Kf8 36. gxf5 exf5 37. Rg1 Qf6 38. Qg5 Ke7 39. Qg7+ Qxg7 40. Rxg7+ Kf6 41. Rxb7 Bh5 42. Rc7 Bd1 43. Rxc6+ Kf7 44. Kg1 a5 45. Rc5 Kf6 46. Rxa5 Kg5 47. Ra6 Kg4 48. Rg6+ Kh4 49. d5 Ra8 50. Rg2 Bxb3 51. Ng6+ Kh5 52. axb3 1-0

[Event "UKR-chT 2019"]
[Site "Chornomorsk"]
[Date "2019.05.20"]
[Round "1.4"]
[White "Kamnev, Alexandr"]
[Black "Kovalev, Denis"]
[Result "1-0"]
[ECO "A05"]
[WhiteElo "1868"]
[BlackElo "2496"]
[Annotator "RC"]
[PlyCount "79"]
[EventDate "2019.05.20"]
[EventCountry "UKR"]
[SourceTitle "playchess.com"]
[Source "ChessBase"]
[SourceQuality "1"]
[TimeControl "40/5400+30:1800+30"]

1. Nf3 Nf6 2. c4 d6 3. g3 e5 4. Bg2 Be7 5. Nc3 O-O 6. O-O Nbd7 7. Rb1 a5 8. d4 Re8 9. b3 c6 10. e3 e4 11. Nd2 d5 12. a3 Nf8 13. f3 exf3 14. Qxf3 Bg4 15. Qf2 Bh5 16. h3 Bg6 17. Ra1 Bd3 18. Re1 Bd6 19. cxd5 Qc7 20. Nf1 Bxf1 21. Rxf1 Bxg3 22. Qf3 Ng6 23. e4 Nh4 24. Qd3 Nh5 25. e5 f6 26. Ne4 Bxe5 27. dxe5 Qxe5 28. Nc3 Ng3 29. Bf4 Qxc3 30. Qxg3 Qd4+ 31. Qf2 Qxf2+ 32. Rxf2 Nxg2 33. Kxg2 cxd5 34. Rd1 a4 35. b4 Rad8 36. b5 Re4 37. b6 g5 38. Bc7 Rd7 39. Rxf6 d4 40. Rd6 1-0

[Event "UKR-chT 2019"]
[Site "Chornomorsk"]
[Date "2019.05.20"]
[Round "1.5"]
[White "Mats, Diana"]
[Black "Maximov, Dmitry"]
[Result "0-1"]
[ECO "B50"]
[WhiteElo "2056"]
[BlackElo "2486"]
[Annotator "ChessBase"]
[PlyCount "82"]
[EventDate "2019.05.20"]
[EventCountry "UKR"]
[SourceTitle "playchess.com"]
[Source "ChessBase"]
[SourceQuality "1"]
[TimeControl "40/5400+30:1800+30"]

1. e4 c5 2. Nf3 d6 3. c3 Nf6 4. h3 g6 5. Bd3 Bg7 6. Bc2 O-O 7. d4 cxd4 8. cxd4 b5 9. O-O Bb7 10. Re1 Nbd7 11. a3 e5 12. Nc3 a6 13. dxe5 dxe5 14. Bg5 Qb8 15. Qe2 h6 16. Be3 Bc6 17. Rad1 b4 18. Nd5 Bxd5 19. exd5 b3 20. Bb1 Re8 21. Qd2 Kh7 22. d6 Re6 23. Qb4 Qxb4 24. axb4 Rb8 25. Bd2 Rxd6 26. Bc3 Re6 27. Bd3 Rc8 28. Nxe5 Rxc3 29. bxc3 Nxe5 30. Bf1 b2 31. f4 Nc6 32. Rxe6 fxe6 33. Rb1 Nd5 34. Rxb2 Bxc3 35. Rb3 Bd4+ 36. Kh2 Ndxb4 37. Ra3 a5 38. Bc4 e5 39. Kg3 e4 40. Be6 e3 41. Kf3 Bc5 0-1

[Event "UKR-chT 2019"]
[Site "Chornomorsk"]
[Date "2019.05.21"]
[Round "2.4"]
[White "Tarasenko, Vladislav"]
[Black "Osmak, Iulija"]
[Result "0-1"]
[ECO "C03"]
[WhiteElo "2027"]
[BlackElo "2387"]
[Annotator "NA RC"]
[PlyCount "62"]
[EventDate "2019.05.20"]
[EventCountry "UKR"]
[SourceTitle "playchess.com"]
[Source "ChessBase"]
[SourceQuality "1"]
[TimeControl "40/5400+30:1800+30"]

1. e4 e6 2. d4 d5 3. Nd2 Be7 4. Bd3 c5 5. dxc5 Nf6 6. Ngf3 dxe4 7. Nxe4 Nxe4 8. Bxe4 Qxd1+ 9. Kxd1 Bxc5 10. Ke2 Nd7 {[%emt 0:00:19] C03: French Tarrasch: Unusual Black 3rd moves} 11. Rd1 (11. Be3 Bxe3 12. Kxe3 Nc5 13. Rhd1 Ke7 14. Bd3 f6 15. Bc4 Bd7 16. b4 Na4 17. Rxd7+ Kxd7 18. Bb5+ {½-½ (52) Svidler,P (2753)-Yu,Y (2759) Shenzhen 2018}) 11... Nf6 12. Bg5 Bd7 13. Bxf6 gxf6 14. Nd4 $146 ({Predecessor:} 14. Nd2 O-O-O 15. a4 f5 16. Bf3 e5 17. Bd5 Bxa4 18. Bxb7+ Kxb7 19. Rxa4 {½-½ (43) Vigo Allepuz,D (2059)-Sowray,P (2325) Barcelona 2014}) 14... O-O-O 15. a4 Kb8 16. Nb3 Be7 17. Na5 Bc8 18. c3 h5 19. b4 f5 20. Bf3 h4 $11 21. Rab1 Kc7 22. Nc4 Bf6 23. b5 Rxd1 24. Rxd1 Bxc3 25. Rc1 Bb4 26. Ne5+ Kb8 27. Nxf7 Rh7 28. Ne5 Bd6 29. Nc4 Bxh2 30. b6 Bf4 31. Rb1 a6 0-1

[Event "UKR-chT 2019"]
[Site "Chornomorsk"]
[Date "2019.05.22"]
[Round "3.3"]
[White "Sydoryka, Vladyslav"]
[Black "Sivuk, Vitaly"]
[Result "0-1"]
[ECO "A10"]
[WhiteElo "2269"]
[BlackElo "2543"]
[Annotator "RC"]
[PlyCount "88"]
[EventDate "2019.05.20"]
[EventCountry "UKR"]
[SourceTitle "playchess.com"]
[Source "ChessBase"]
[SourceQuality "1"]
[TimeControl "40/5400+30:1800+30"]

1. c4 b6 2. e4 Bb7 3. Nc3 e5 4. Nf3 Nc6 5. Be2 Bc5 6. Nxe5 Nxe5 7. d4 Bd6 8. dxe5 Bxe5 9. O-O Nf6 10. Nd5 c5 11. Qc2 Nxd5 12. exd5 Qf6 13. Rb1 O-O 14. Bd3 h6 15. g3 d6 16. Bh7+ Kh8 17. Bf5 g6 18. Bh3 Kg7 19. b3 Bc8 20. Bxc8 Raxc8 21. Be3 Rfe8 22. Rbe1 h5 23. h4 Qf3 24. Qd1 Qxd1 25. Rxd1 Bxg3 26. Bxc5 Bh2+ 27. Kxh2 bxc5 28. Rfe1 Kf6 29. Kg3 Kf5 30. Rb1 a5 31. f4 Rb8 32. Kf3 f6 33. Kg3 a4 34. bxa4 Rxb1 35. Rxe8 Rb4 36. Re6 Rxc4 37. Rxd6 Rxa4 38. Rc6 Ra3+ 39. Kg2 Rxa2+ 40. Kg3 Ra3+ 41. Kf2 Ra4 42. Rxc5 Rxf4+ 43. Kg3 Rg4+ 44. Kh3 Rd4 0-1

[Event "UKR-chT 2019"]
[Site "Chornomorsk"]
[Date "2019.05.23"]
[Round "4.2"]
[White "Moiseenko, Alexander"]
[Black "Efimenko, Zahar"]
[Result "1/2-1/2"]
[ECO "E21"]
[WhiteElo "2642"]
[BlackElo "2632"]
[Annotator "RC"]
[PlyCount "45"]
[EventDate "2019.05.20"]
[EventCountry "UKR"]
[SourceTitle "playchess.com"]
[Source "ChessBase"]
[SourceQuality "1"]
[TimeControl "40/5400+30:1800+30"]

1. d4 Nf6 2. c4 e6 3. Nc3 Bb4 4. Nf3 b6 5. e3 Bb7 6. Bd3 O-O 7. O-O d5 8. cxd5 exd5 9. Ne5 Bd6 10. f4 c5 11. g4 Ne4 12. Qf3 Nxc3 13. bxc3 Nd7 14. g5 Bxe5 15. dxe5 Re8 16. c4 Nf8 17. cxd5 Bxd5 18. Qe2 Rxe5 19. fxe5 Qxg5+ 20. Kf2 Qh4+ 21. Kg1 Qg5+ 22. Kf2 Qh4+ 23. Kg1 1/2-1/2

[Event "UKR-chT 2019"]
[Site "Chornomorsk"]
[Date "2019.05.23"]
[Round "4.5"]
[White "Malakhatko, Vadim"]
[Black "Omelja, Artem"]
[Result "0-1"]
[ECO "A13"]
[WhiteElo "2512"]
[BlackElo "2451"]
[Annotator "RC"]
[PlyCount "50"]
[EventDate "2019.05.20"]
[EventCountry "UKR"]
[SourceTitle "playchess.com"]
[Source "ChessBase"]
[SourceQuality "1"]
[TimeControl "40/5400+30:1800+30"]

1. Nf3 d5 2. c4 e6 3. g3 Nf6 4. Bg2 dxc4 5. Qa4+ Nbd7 6. Qxc4 a6 7. Qb3 Rb8 8. d3 Bd6 9. O-O c5 10. a4 b6 11. Na3 Bb7 12. Nc4 Bc7 13. Bd2 O-O 14. Rfc1 Nd5 15. Qd1 h6 16. Qe1 Qe7 17. e4 Nb4 18. Bxb4 cxb4 19. d4 Nf6 20. Nfe5 Rfd8 21. Qe3 b5 22. axb5 axb5 23. Na5 Bxe5 24. dxe5 Ng4 25. Qc5 Rd1+ 0-1

[Event "UKR-chT 2019"]
[Site "Chornomorsk"]
[Date "2019.05.25"]
[Round "6.1"]
[White "Galperin, Platon"]
[Black "Onischuk, Vladimir"]
[Result "1/2-1/2"]
[ECO "B09"]
[WhiteElo "2424"]
[BlackElo "2633"]
[Annotator "ChessBase"]
[PlyCount "23"]
[EventDate "2019.05.20"]
[EventCountry "UKR"]
[SourceTitle "playchess.com"]
[Source "ChessBase"]
[SourceQuality "1"]
[TimeControl "40/5400+30:1800+30"]

1. e4 d6 2. d4 Nf6 3. Nc3 g6 4. f4 Bg7 5. Nf3 O-O 6. e5 dxe5 7. fxe5 Nd5 8. Bc4 Nb6 9. Bb3 Nc6 10. a4 Na5 11. Ba2 Bg4 12. Ne4 1/2-1/2

[Event "UKR-chT 2019"]
[Site "Chornomorsk"]
[Date "2019.05.25"]
[Round "6.3"]
[White "Sydoryka, Vladyslav"]
[Black "Kovchan, Alexander"]
[Result "0-1"]
[ECO "A37"]
[WhiteElo "2269"]
[BlackElo "2566"]
[Annotator "ChessBase"]
[PlyCount "106"]
[EventDate "2019.05.20"]
[EventCountry "UKR"]
[SourceTitle "playchess.com"]
[Source "ChessBase"]
[SourceQuality "1"]
[TimeControl "40/5400+30:1800+30"]

1. c4 c5 2. g3 g6 3. Bg2 Bg7 4. Nc3 Nc6 5. Nf3 d6 6. a3 e6 7. b4 Nge7 8. Rb1 b6 9. O-O Bb7 10. Qc2 Qd7 11. e3 O-O 12. d3 Rfd8 13. Rd1 Rac8 14. bxc5 dxc5 15. Bb2 Nf5 16. Ne4 Qe7 17. Bxg7 Nxg7 18. Qb2 Ne8 19. Ne5 f5 20. Nxc6 Rxc6 21. Nc3 Rcd6 22. d4 Bxg2 23. Kxg2 cxd4 24. Nb5 R6d7 25. exd4 Qf6 26. Qe2 f4 27. Re1 Ng7 28. Qf3 g5 29. Re4 Nf5 30. Rbe1 a6 31. Rxe6 Qf7 32. Qg4 axb5 33. Qxg5+ Ng7 34. Re7 f3+ 35. Kg1 Qg6 36. Qxb5 Rxe7 37. Rxe7 Rxd4 38. h4 Rd1+ 39. Kh2 Rd2 40. Kg1 Qf6 41. Re5 h6 42. Re1 Qd4 43. Qd5+ Qxd5 44. cxd5 Nf5 45. Re6 h5 46. Rxb6 Rd1+ 47. Kh2 Ne3 48. g4 hxg4 49. Rb8+ Kf7 50. Kg3 Rg1+ 51. Kf4 Nxd5+ 52. Ke4 Nf6+ 53. Kf4 Nh5+ 0-1

[Event "UKR-chT 2019"]
[Site "Chornomorsk"]
[Date "2019.05.25"]
[Round "6.4"]
[White "Brodsky, Michail"]
[Black "Malovanyi, Yulian"]
[Result "1/2-1/2"]
[ECO "D07"]
[WhiteElo "2535"]
[BlackElo "2260"]
[Annotator "ChessBase"]
[PlyCount "52"]
[EventDate "2019.05.20"]
[EventCountry "UKR"]
[SourceTitle "playchess.com"]
[Source "ChessBase"]
[SourceQuality "1"]
[TimeControl "40/5400+30:1800+30"]

1. d4 d5 2. c4 Nc6 3. Nc3 dxc4 4. Nf3 Nf6 5. Bg5 h6 6. Bh4 a6 7. e4 Bg4 8. d5 Ne5 9. Bg3 Nfd7 10. Be2 Bxf3 11. gxf3 g5 12. f4 Ng6 13. fxg5 hxg5 14. Qd4 Rg8 15. Qxc4 Bg7 16. Bxc7 Nge5 17. Bxd8 Nxc4 18. Bxc4 Rxd8 19. Ke2 Bxc3 20. bxc3 Rc8 21. Bb3 Rxc3 22. Rac1 Rxc1 23. Rxc1 Kd8 24. Rg1 Rh8 25. Rxg5 Rxh2 26. Rg7 f6 1/2-1/2

[Event "UKR-chT 2019"]
[Site "Chornomorsk"]
[Date "2019.05.25"]
[Round "6.5"]
[White "Kushko, Dmitriy"]
[Black "Omelja, Artem"]
[Result "1/2-1/2"]
[ECO "A06"]
[WhiteElo "2255"]
[BlackElo "2451"]
[Annotator "ChessBase"]
[PlyCount "69"]
[EventDate "2019.05.20"]
[EventCountry "UKR"]
[SourceTitle "playchess.com"]
[Source "ChessBase"]
[SourceQuality "1"]
[TimeControl "40/5400+30:1800+30"]

1. Nf3 d5 2. g3 g6 3. Bg2 Bg7 4. O-O e5 5. d3 Ne7 6. e4 O-O 7. exd5 Nxd5 8. Re1 Nc6 9. Nc3 Nde7 10. Rb1 a5 11. b3 h6 12. Bb2 g5 13. Nb5 Ng6 14. d4 exd4 15. Nbxd4 Nxd4 16. Bxd4 Bg4 17. Bxg7 Kxg7 18. h3 Bxf3 19. Qxf3 c6 20. Rbd1 Qf6 21. Qxf6+ Kxf6 22. Rd6+ Kg7 23. Rd7 Rab8 24. Red1 Rfe8 25. Kf1 Nf8 26. R7d6 Re5 27. Bf3 Rbe8 28. Rd8 Re1+ 29. Rxe1 Rxd8 30. Re7 Rd7 31. Re5 Rd2 32. Rxa5 Rxc2 33. Ra7 Nd7 34. Rxb7 Ne5 35. Be4 1/2-1/2

[Event "UKR-chT 2019"]
[Site "Chornomorsk"]
[Date "2019.05.25"]
[Round "6.6"]
[White "Zavgorodniy, Sergiy"]
[Black "Laptii, Nazar"]
[Result "1-0"]
[ECO "B01"]
[WhiteElo "2420"]
[BlackElo "2080"]
[Annotator "NA"]
[PlyCount "87"]
[EventDate "2019.05.20"]
[EventCountry "UKR"]
[SourceTitle "playchess.com"]
[Source "ChessBase"]
[SourceQuality "1"]
[TimeControl "40/5400+30:1800+30"]

1. e4 d5 2. exd5 Nf6 3. Nf3 Nxd5 4. b3 Bf5 5. Bb2 e6 6. g3 h6 7. Bg2 Nc6 8. O-O Nf6 9. d3 Be7 10. Nbd2 O-O 11. Qe2 a5 12. a3 Re8 13. Ne4 Bh7 14. Rad1 e5 15. Nxe5 Nxe5 16. Bxe5 Nd7 17. Ba1 Bxa3 18. Qg4 Bf8 19. Qf4 a4 20. bxa4 Rxa4 21. Nf6+ Nxf6 22. Qxa4 c6 23. Rfe1 Rxe1+ 24. Rxe1 Bf5 25. Qf4 Qa5 26. Qe5 Qd2 27. Qe2 Qb4 28. Bxf6 gxf6 29. h3 h5 30. Kh2 Bc5 31. Ra1 Bg6 32. h4 Bf8 33. Ra8 Kh7 34. Be4 Qc5 35. Bxg6+ Kxg6 36. Rb8 b5 37. Rc8 Kg7 38. Kg1 b4 39. Qe8 b3 40. cxb3 f5 41. Qxc6 Qa3 42. Qe8 Qa1+ 43. Kg2 f4 44. Qxf8+ 1-0

[Event "UKR-chT 2019"]
[Site "Chornomorsk"]
[Date "2019.05.26"]
[Round "7.2"]
[White "Bondarets, Vadim"]
[Black "Brodsky, Michail"]
[Result "0-1"]
[ECO "A06"]
[WhiteElo "2236"]
[BlackElo "2535"]
[Annotator "ChessBase"]
[PlyCount "68"]
[EventDate "2019.05.20"]
[EventCountry "UKR"]
[SourceTitle "playchess.com"]
[Source "ChessBase"]
[SourceQuality "1"]
[TimeControl "40/5400+30:1800+30"]

1. Nf3 d5 2. c4 e6 3. b3 c5 4. cxd5 exd5 5. Bb2 Nf6 6. g3 Nc6 7. Bg2 d4 8. O-O Be7 9. Na3 O-O 10. Re1 Nd5 11. Nc4 Bf6 12. e4 Ndb4 13. d3 b5 14. Na3 Qb6 15. Nc2 Be6 16. Nxb4 Nxb4 17. Ba3 a5 18. Bxb4 axb4 19. e5 Be7 20. Nd2 Ra3 21. f4 g6 22. Qe2 Qa7 23. Ne4 Bxb3 24. f5 gxf5 25. Nf6+ Bxf6 26. exf6 Qa6 27. Qd2 Qxf6 28. axb3 Rxb3 29. Bd5 Rc3 30. Ra7 b3 31. Ree7 Rc2 32. Qd1 Qh6 33. Bxf7+ Rxf7 34. Re8+ Kg7 0-1

[Event "UKR-chT 2019"]
[Site "Chornomorsk"]
[Date "2019.05.26"]
[Round "7.3"]
[White "Zavgorodniy, Sergiy"]
[Black "Zolotariov, Georgiy"]
[Result "1-0"]
[ECO "B08"]
[WhiteElo "2420"]
[BlackElo "1895"]
[Annotator "NA"]
[PlyCount "71"]
[EventDate "2019.05.20"]
[EventCountry "UKR"]
[SourceTitle "playchess.com"]
[Source "ChessBase"]
[SourceQuality "1"]
[TimeControl "40/5400+30:1800+30"]

1. e4 d6 2. d4 Nf6 3. Nc3 g6 4. Nf3 Bg7 5. h3 O-O 6. Be2 Nbd7 7. O-O e5 8. Re1 Re8 9. dxe5 dxe5 10. Bc4 Qe7 11. a4 Nb6 12. Bb3 Be6 13. a5 Bxb3 14. axb6 Bc4 15. bxa7 Red8 16. Bd2 c6 17. Qc1 b6 18. Be3 Qc7 19. b3 Be6 20. Ra6 Nd7 21. Rd1 Bf8 22. Qa1 f6 23. Na4 c5 24. Nc3 c4 25. Nd5 Bxd5 26. Rxd5 cxb3 27. cxb3 Nc5 28. Bxc5 Bxc5 29. Qd1 Bd6 30. Nd2 b5 31. Nb1 Be7 32. Rxd8+ Qxd8 33. Qxd8+ Bxd8 34. Nc3 b4 35. Nd5 Kf7 36. Nxb4 1-0

[Event "UKR-chT 2019"]
[Site "Chornomorsk"]
[Date "2019.05.26"]
[Round "7.4"]
[White "Kamnev, Alexandr"]
[Black "Voitovich, Vladislav"]
[Result "1/2-1/2"]
[ECO "C48"]
[WhiteElo "1868"]
[BlackElo "2325"]
[Annotator "NA"]
[PlyCount "38"]
[EventDate "2019.05.20"]
[EventCountry "UKR"]
[SourceTitle "playchess.com"]
[Source "ChessBase"]
[SourceQuality "1"]
[TimeControl "40/5400+30:1800+30"]

1. e4 Nf6 2. Nc3 e5 3. Nf3 Nc6 4. Bb5 Bc5 5. O-O Qe7 6. d3 a6 7. Ba4 h6 8. Nd5 Nxd5 9. exd5 Nd4 10. Nxe5 O-O 11. Re1 b5 12. Bb3 d6 13. Ng6 Qf6 14. Nxf8 Nxb3 15. Re8 Qxf2+ 16. Kh1 Bh3 17. gxh3 Rxe8 18. Be3 Rxe3 19. axb3 Re1+ 1/2-1/2

[Event "UKR-chT 2019"]
[Site "Chornomorsk"]
[Date "2019.05.26"]
[Round "7.5"]
[White "Doluhanova, Evgeniya"]
[Black "Barchuk, Irina"]
[Result "1-0"]
[ECO "B51"]
[WhiteElo "2319"]
[BlackElo "2008"]
[Annotator "NA"]
[PlyCount "109"]
[EventDate "2019.05.20"]
[EventCountry "UKR"]
[SourceTitle "playchess.com"]
[Source "ChessBase"]
[SourceQuality "1"]
[TimeControl "40/5400+30:1800+30"]

1. e4 c5 2. Nf3 d6 3. Bb5+ Nd7 4. c3 g6 5. d4 cxd4 6. cxd4 Ngf6 7. Nc3 a6 8. Ba4 b5 9. Bb3 Bb7 10. Ng5 e6 11. d5 e5 12. a3 Bg7 13. O-O h6 14. Nh3 O-O 15. Be3 Nc5 16. Bc2 Bc8 17. b4 Nb7 18. a4 Bxh3 19. gxh3 Qc8 20. Qd3 Qxh3 21. Bd2 Qxd3 22. Bxd3 bxa4 23. Nxa4 a5 24. bxa5 Nxa5 25. Rfb1 Nxd5 26. exd5 e4 27. Nb6 Bxa1 28. Nxa8 exd3 29. Nb6 Bd4 30. Bxa5 Rb8 31. Kf1 f5 32. Ke1 f4 33. Kd2 Bxf2 34. Kxd3 g5 35. h3 Kf7 36. Rb2 Bc5 37. Nc4 Ra8 38. Ke4 Kg6 39. Kf3 h5 40. Rb7 Rf8 41. Bb4 Kf5 42. Bxc5 g4+ 43. Kf2 dxc5 44. d6 gxh3 45. Rh7 Kg6 46. Re7 h2 47. Re1 Re8 48. Rh1 Re4 49. d7 Rd4 50. Rxh2 Kf6 51. Nb6 Ke7 52. Rxh5 Kd8 53. Rxc5 Rd6 54. Rc8+ Ke7 55. Re8+ 1-0

[Event "UKR-chT 2019"]
[Site "Chornomorsk"]
[Date "2019.05.26"]
[Round "7.6"]
[White "Mats, Diana"]
[Black "Maly, Alexey"]
[Result "0-1"]
[ECO "B10"]
[WhiteElo "2056"]
[BlackElo "2349"]
[Annotator "NA"]
[PlyCount "58"]
[EventDate "2019.05.20"]
[EventCountry "UKR"]
[SourceTitle "playchess.com"]
[Source "ChessBase"]
[SourceQuality "1"]
[TimeControl "40/5400+30:1800+30"]

1. e4 c6 2. c4 d5 3. exd5 cxd5 4. cxd5 Nf6 5. Qa4+ Nbd7 6. Nc3 g6 7. Bc4 Bg7 8. d3 O-O 9. Nge2 a6 10. Qa3 Nb6 11. Qb3 Nbd7 12. a4 Ne8 13. O-O Nd6 14. Be3 Nf5 15. a5 Nxe3 16. fxe3 b5 17. axb6 Nxb6 18. Kh1 Nxc4 19. dxc4 e6 20. Nd4 exd5 21. Nxd5 Qg5 22. c5 Bxd4 23. exd4 Be6 24. Nf6+ Qxf6 25. d5 Bf5 26. c6 Qd6 27. Ra4 Rfb8 28. Qa2 Bd3 29. Rd1 Bc2 0-1

[Event "UKR-chT 2019"]
[Site "Chornomorsk"]
[Date "2019.05.27"]
[Round "8.4"]
[White "Makarov, Pavlo"]
[Black "Omelja, Artem"]
[Result "1/2-1/2"]
[ECO "E61"]
[WhiteElo "2192"]
[BlackElo "2451"]
[Annotator "ChessBase"]
[PlyCount "85"]
[EventDate "2019.05.20"]
[EventCountry "UKR"]
[SourceTitle "playchess.com"]
[Source "ChessBase"]
[SourceQuality "1"]
[TimeControl "40/5400+30:1800+30"]

1. d4 Nf6 2. c4 g6 3. Nc3 Bg7 4. Nf3 O-O 5. e4 d6 6. h3 c5 7. d5 e6 8. Bd3 exd5 9. exd5 Re8+ 10. Be3 Bh6 11. O-O Bxe3 12. fxe3 Nbd7 13. Qd2 Ne5 14. Nxe5 Rxe5 15. Rf3 Ne8 16. Raf1 f6 17. Qf2 Qe7 18. Ne2 Bd7 19. g4 Rb8 20. Nf4 Qg7 21. b3 b6 22. Bc2 b5 23. Nd3 Rg5 24. Qh4 h6 25. e4 bxc4 26. bxc4 f5 27. Kh1 Nf6 28. exf5 gxf5 29. Nf4 Rb2 30. R3f2 Rxc2 31. Rxc2 fxg4 32. Re2 gxh3 33. Ne6 Bxe6 34. Rxe6 Rh5 35. Qf2 Rf5 36. Qe2 Nh5 37. Kh2 Qg3+ 38. Kh1 Qg7 39. Kh2 Qg3+ 40. Kh1 Qg7 41. Kh2 Ng3 42. Rg1 Nxe2 43. Rxe2 1/2-1/2